 Dungeon Crawl Stone Soup version 0.29-a0-22-gbf593b16ee (webtiles) character file.

Game seed: 14985707470912480128

15 innerfire433 the Chucker (level 2, 0/21 HPs)
             Began as a Demonspawn Wanderer on Jan 29, 2022.
             Slain by a jackal (3 damage)
             ... on level 1 of the Dungeon.
             The game lasted 00:00:42 (327 turns).

innerfire433 the Chucker (Demonspawn Wanderer)       Turns: 327, Time: 00:00:43

Health: 0/21       AC:  3    Str: 15    XL:     2   Next: 34%
Magic:  3/3        EV: 10    Int: 12    God:
Gold:   31         SH:  3    Dex: 10    Spells: 2/3 levels left

rFire   . . .      SeeInvis .   a - +2 dagger
rCold   . . .      Faith    .   c - +0 buckler
rNeg    . . .      Spirit   .   d - +0 leather armour
rPois   .          Reflect  .   (no helmet)
rElec   .          Harm     .   (no cloak)
rCorr   .          Rampage  .   (no gloves)
Will    .....                   (no boots)
Stlth   +.........              (no amulet)
HPRegen 0.07/turn               (no ring)
MPRegen 0.08/turn               (no ring)

@: no status effects
A: hooves 1
a: no special abilities


You were on level 1 of the Dungeon.
You visited 1 branch of the dungeon, and saw 1 of its levels.

You collected 31 gold pieces.

Inventory:

Hand Weapons
 a - a +2 dagger (weapon)
Missiles
 b - 3 curare-tipped darts (quivered)
Armour
 c - a +0 buckler (worn)
 d - a +0 leather armour (worn)


   Skills:
 + Level 1.3 Fighting
 + Level 4.6 Throwing
 - Level 1.1 Shields
 + Level 1.3 Spellcasting
 + Level 2.2 Summonings


You had 2 spell levels left.
You knew the following spells:

 Your Spells              Type           Power      Damage    Failure   Level
a - Summon Small Mammal   Summ           24%        N/A       21%         1

Your spell library contained the following spells:

 Spells                   Type           Power      Damage    Failure   Level
 Call Canine Familiar     Summ           6%         N/A       52%         3


Dungeon Overview and Level Annotations

Branches:
Dungeon (1/15)

Altars:


Innate Abilities, Weirdness & Mutations

You have large cloven feet.


Message History

You hit the jackal.
You kill the jackal!
You block the jackal's attack. The jackal bites you.
* * * LOW HITPOINT WARNING * * *
The jackal closely misses you.
You see here a jackal corpse.
You closely miss the jackal. You kick the jackal, but do no damage.
The jackal closely misses you. You block the jackal's attack.
You hit the jackal but do no damage. You kick the jackal.
The jackal is lightly wounded.
You block the jackal's attack.
You closely miss the jackal. Your kick misses the jackal.
The jackal is lightly wounded.
The jackal barely misses you. The jackal closely misses you.
You barely miss the jackal. Your kick misses the jackal.
The jackal is lightly wounded.
The jackal completely misses you.
You barely miss the jackal. Your kick misses the jackal.
The jackal is lightly wounded.
The jackal barely misses you. x2
You hit the jackal.
The jackal is moderately wounded.
A jackal comes into view.
The jackal bites you but does no damage.
You barely miss the jackal. You kick the jackal, but do no damage.
The jackal is lightly wounded.
The jackal bites you.
* * * LOW HITPOINT WARNING * * *
You block the jackal's attack.
You closely miss the jackal. Your kick misses the jackal.
The jackal is lightly wounded.
The jackal bites you.
* * * LOW HITPOINT WARNING * * *
You block the jackal's attack. The jackal bites you.
* * * LOW HITPOINT WARNING * * *
You barely miss the jackal.
The jackal is lightly wounded.
The jackal bites you but does no damage.
The jackal bites you.
You die...

.......# #.######
......# #.#
.....### #.#
..#####+#.....#
#.#
..............#
#.#
######.....†.###.#
#..?..).'...######
#.......#####.....
#@h..####........#
#h#### #........#
.... +........'
#.#..# #........#
#.#..# #......).#
# #... ###'#.....
# .. #.. #...
#.###### #.#.##.#
#..#+ #.# #
##.#..#.# #.# #


You could see 2 jackals.

Vanquished Creatures
  A bat (D:1)
  An endoplasm (D:1)
  A giant cockroach (D:1)
  2 goblins (D:1)
  3 hobgoblins (D:1)
  A jackal (D:1)
  A quokka (D:1)
  A frilled lizard (D:1)
  2 rats (D:1)
13 creatures vanquished.

Notes
Turn   | Place    | Note
-------+----------+-------------------------------------------
     0 | D:1      | innerfire433 the Demonspawn Wanderer began the quest for
                  | the Orb.
     0 | D:1      | innerfire433 set off with the following items: a +2 dagger,
                  | 3 curare-tipped darts, a +0 buckler, a +0 leather armour;
                  | and the following spell memorised: Summon Small Mammal; and
                  | the following spells available to memorise: Call Canine
                  | Familiar
     0 | D:1      | Reached XP level 1. HP: 15/15 MP: 2/2
   155 | D:1      | Gained mutation: You have large cloven feet. [demonic
                  | ancestry]
   155 | D:1      | Reached XP level 2. HP: 21/21 MP: 3/3
   327 | D:1      | Slain by a jackal

Illustrated notes

Levels and vault maps discovered:
D:1:      minmay_arrival_doors, layout_basic, chequers_garden,
          minmay_tromino_v4_c

Action                   || total
-------------------------++-------
Melee: Dagger            ||    41
       Kick              ||     5
Armor: Leather armour    ||     8
Dodge: Dodged            ||    20
Block: Buckler           ||    10

Table legend: (Time is in decaauts)
 A = Elapsed time spent in this place.
 B = Non-inter-level travel time spent in this place.
 C = Inter-level travel time spent in this place.
 D = Time resting spent in this place.
 E = Time spent auto-exploring this place.
 F = Levels seen in this place.
 G = Mean time per level.
                   A        B        C        D        E       F      G
               +--------+--------+--------+--------+--------+-----+--------+
         Total |    328 |    328 |      0 |      0 |    245 |   1 |  328.0 |
       Dungeon |    328 |    328 |      0 |      0 |    245 |   1 |  328.0 |
               +--------+--------+--------+--------+--------+-----+--------+

Top non-repeatable levels by time:
     D:1: 328 daAuts
